 Dungeon Crawl Stone Soup version 0.30.1-3-gfc49f6343a (webtiles) character file.

Game seed: 12994633584484894654

68 spardeous the Conjurer (level 3, -9/26 HPs)
             Began as a Demigod Conjurer on Aug 8, 2023.
             Killed from afar by Sigmund (13 damage)
             ... with a puff of flame
             ... on level 2 of the Dungeon.
             The game lasted 00:02:02 (2089 turns).

spardeous the Conjurer (Demigod Conjurer)           Turns: 2089, Time: 00:02:03

Health: -9/26      AC:  4    Str:  8    XL:     3   Next: 73%
Magic:  1/10       EV: 12    Int: 24    God:
Gold:   133        SH:  0    Dex: 12    Spells: 4/7 levels left

rFire   . . .        j - +2 spear (flame)
rCold   . . .        (no shield)
rNeg    . . .        a - +0 robe
rPois   .            h - +0 helmet
rElec   .            i - +0 cloak
rCorr   .            (no gloves)
SInv    .            (no boots)
Will    .....        (no amulet)
Stlth   ++           (no ring)
HPRegen 0.24/turn    (no ring)
MPRegen 0.12/turn

%: no passive effects
@: no status effects
A: high MP 1, forlorn, divine attributes
a: no special abilities


You were on level 2 of the Dungeon.
You visited 1 branch of the dungeon, and saw 2 of its levels.

You collected 133 gold pieces.

Inventory:

Hand Weapons
 j - a +2 spear of flaming (weapon)
Armour
 a - a +0 robe (worn)
 h - a +0 helmet (worn)
 i - a +0 cloak (worn)
Jewellery
 e - a ring of poison resistance
Scrolls
 k - a scroll of enchant armour {unknown}
Potions
 b - a potion of magic
 c - a potion of might {unknown}
 d - a potion of cancellation {unknown}
 f - 2 potions of mutation {unknown}
 g - a potion of haste {unknown}
 l - 2 potions of lignification {unknown}
 m - a potion of brilliance {unknown}


   Skills:
 - Level 1.7 Dodging
 - Level 1.7 Stealth
 + Level 2.8 Spellcasting
 + Level 4.4 Conjurations


You had 4 spell levels left.
You knew the following spells:

 Your Spells              Type           Power      Damage    Failure   Level
a - Magic Dart            Conj           96%        1d7       1%          1
b - Searing Ray           Conj           48%        2d6       2%          2

Your spell library contained the following spells:

 Spells                   Type           Power      Damage    Failure   Level
 Sandblast                Erth           6%         2d5       11%         1
 Dazzling Flash           Conj/Hex       28%        N/A       13%         3
 Stone Arrow              Conj/Erth      28%        3d8       13%         3
 Passwall                 Tmut/Erth      2%         N/A       17%         2
 Fulminant Prism          Conj/Hex       7%         3d7       41%         4
 Iskenderun's Mystic Bla  Conj/Tloc      14%        2d5       41%         4


Dungeon Overview and Level Annotations

Branches:
Dungeon (2/15)

Annotations:
D:2 Sigmund


Innate Abilities, Weirdness & Mutations

You have an increased reservoir of magic. (+10% MP)
You shall have no god before yourself.
Your divine heritage dramatically boosts your attributes as you level up.


Message History

You now have 5/10 mp.
Casting: Searing Ray (safe; 2% risk of failure)
Confirm with . or Enter, or press ? or * to list all spells.
Aiming: Searing Ray (safe; 2% risk of failure)
Press: ? - help, Shift-Dir - straight line (Press . to maintain the ray.)
You hear some strange, mumbled words.
A puff of flame appears from out of thin air!
The puff of flame misses you.
You now have 3/10 mp.
The searing ray hits something.
Something hits you!
You take 6 damage, and have 13/26 hp.
MASSIVE DAMAGE!!
You now have 2/10 mp.
The searing ray hits something.
You now have 1/10 mp.
The searing ray hits something.
You finish channelling your searing ray.
Something hits you.
* * * LOW HITPOINT WARNING * * *
You take 3 damage, and have 10/26 hp.
You now have 0/10 mp.
Casting: Searing Ray (safe; 2% risk of failure)
Confirm with . or Enter, or press ? or * to list all spells.
Okay, then.
You aren't carrying any items that you can evoke.
Reach: j) +2 spear (flame)
Press: ? - help, Dir - move target You reach to attack!
You barely miss something.
A magic dart appears from out of thin air!
The magic dart hits you!
* * * LOW HITPOINT WARNING * * *
You take 7 damage, and have 3/26 hp.
MASSIVE DAMAGE!!
You aren't carrying any items that you can evoke.
Unknown command.
Reach: j) +2 spear (flame)
Press: ? - help, Dir - move target You reach to attack!
You closely miss something.
You hear some strange, mumbled words.
A puff of flame appears from out of thin air!
The puff of flame hits you!
Ouch! That really hurt!
You die...

### #.# #.# ### ### ## #.# #.#
#.. ..# #.# #.# #.# #.# #.# #.#
#.# #.# # ###########.###.####.#
#.## .
..................##.###..##### @
###########.....@.{....#......##.
###### ####.###.#.##.##..........
.....# #....###.#.##.#........##.
....######......#.##.#..#.##.....
................#.##....#....###.
....###.................#.##.###.
#...##...#..#.#...##.##.#.##.....
#...##...#....###.#..##..........
#........#........#..##..###..##.


There were no monsters in sight!

Vanquished Creatures
  An adder (D:2)
  An ufetubus (D:2)
  An orc (D:2)
  4 endoplasms (D:2)
  2 giant cockroaches (D:1)
  3 goblins
  3 hobgoblins
  11 jackals
  A quokka (D:1)
  2 ball pythons
  7 bats
  A frilled lizard (D:1)
  6 kobolds
  4 rats
47 creatures vanquished.

Notes
Turn   | Place    | Note
-------+----------+-------------------------------------------
     0 | D:1      | spardeous the Demigod Conjurer began the quest for the Orb.
     0 | D:1      | Reached XP level 1. HP: 14/14 MP: 5/5
   270 | D:1      | Reached XP level 2. HP: 4/20 MP: 0/7
   555 | D:1      | Reached skill level 4 in Conjurations
  1183 | D:2      | Reached XP level 3. HP: 26/26 MP: 3/9
  1853 | D:2      | Noticed Sigmund
  1966 | D:1      | Learned a level 2 spell: Searing Ray
  2089 | D:2      | Killed from afar by Sigmund

Illustrated notes

Levels and vault maps discovered:
D:1:      kennysheep_arrival_forest, layout_basic
D:2:      layout_basic, chequers_serial_rivers_micro_a, uniq_sigmund

Skill      XL: |  1  2 |
---------------+-------+-----
Spellcasting   | 2 |  2.8
Conjurations   | 4 |  4.4
Dodging        | |  1.7
Stealth        | |  1.7

Action                     || total
---------------------------++-------
  Melee: Spear             ||     9
   Cast: Magic Dart        ||    95
         Searing Ray       ||     2
 Armour: Robe              ||    19
  Dodge: Dodged            ||    29
